 Dungeon Crawl Stone Soup version 0.29.0-4-gdea44cf6ec (webtiles) character file.

Game seed: 13554427067097486926

247 qw the Chopper (level 6, -2/35 HPs)
             Began as a Tengu Warper on Aug 28, 2022.
             Blown up by Ijyb (4 damage)
             ... with a mindburst bolt
             ... on level 3 of the Dungeon.
             The game lasted 00:00:15 (2644 turns).

qw the Chopper (Tengu Warper)                       Turns: 2644, Time: 00:00:16

Health: -2/35      AC:  6    Str: 13    XL:     6   Next: 11%
Magic:  10/10      EV: 11    Int: 13    God:
Gold:   148        SH:  0    Dex: 14    Spells: 9/9 levels left

rFire   . . .      SeeInvis .   Y - +0 war axe
rCold   . . .      Faith    .   (no shield)
rNeg    . . .      Spirit   .   e - +0 scale mail
rPois   .          Reflect  .   (helmet restricted)
rElec   .          Harm     .   (no cloak)
rCorr   .          Rampage  .   (no gloves)
Will    .....                   (boots unavailable)
Stlth   ..........              (no amulet)
HPRegen 0.11/turn               (no ring)
MPRegen 0.12/turn               (no ring)

@: flying quickly and evasively, quick
A: beak, talons 3, nimble flight
a: no special abilities


You were on level 3 of the Dungeon.
You visited 1 branch of the dungeon, and saw 3 of its levels.

You collected 148 gold pieces.


Innate Abilities, Weirdness & Mutations

You have a beak for a mouth.
You have claws for feet.
Your magical nature lets you fly swiftly and evasively.


   Skills:
 - Level 2.0 Fighting
 + Level 6.8 Axes
 - Level 1.0 Throwing
 - Level 1.1 Armour
 - Level 2.1 Dodging
 - Level 2.0 Spellcasting
 - Level 2.4 Translocations


You had 9 spell levels left.
You didn't know any spells.
Your spell library contained the following spells:

 Spells                   Type           Power      Damage    Failure   Level
 Blink                    Tloc           14%        N/A       56%         2
 Gell's Gravitas          Tloc           7%         N/A       80%         3
 Lesser Beckoning         Tloc           7%         N/A       80%         3
 Teleport Other           Tloc           7%         N/A       80%         3
 Manifold Assault         Tloc           7%         N/A       100%        5

Inventory:

Hand Weapons
 c - a +1 mace of protection
 Y - a +0 war axe (weapon)
Missiles
 n - 2 silver javelins (quivered)
Armour
 e - a +0 scale mail (worn)
Scrolls
 b - 3 scrolls of identify
 g - a scroll of magic mapping {unknown}
 h - a scroll of poison {unknown}
Potions
 a - a potion of haste {unknown}
 d - 2 potions of attraction {unknown}
 f - a potion of resistance {unknown}
 i - a potion of mutation {unknown}
 l - a potion of curing

Dungeon Overview and Level Annotations

Branches:
Dungeon (3/15)

Altars:

Annotations:
D:3 1 runed translucent door, Crazy Yiuf, Ijyb


Message History

You kill the bat!
Ijyb zaps a wand.
Your mind is blasted!
You hit Ijyb. You peck Ijyb.
Ijyb is moderately wounded.
Ijyb hits you with a +0 dagger.
A rat comes into view.
Ijyb hits you with a +0 dagger.
A goblin comes into view. It is wielding a +0 dagger.
The goblin shouts!
You hit Ijyb but do no damage. Your peck misses Ijyb.
Ijyb is moderately wounded.
Ijyb barely misses you.
You barely miss Ijyb. Your peck misses Ijyb.
Ijyb is moderately wounded.
Ijyb hits you with a +0 dagger.
You hit Ijyb. You claw Ijyb, but do no damage. Your punch misses Ijyb.
Ijyb is moderately wounded.
Ijyb screams, "Get away!"
Ijyb hits you but does no damage.
You hit Ijyb but do no damage.
Ijyb is moderately wounded.
Ijyb hits you but does no damage.
You hit Ijyb. Your peck misses Ijyb.
Ijyb is heavily wounded.
Ijyb hits you but does no damage.
You miss Ijyb.
Ijyb is heavily wounded.
Ijyb hits you with a +0 dagger.
You closely miss Ijyb. You claw Ijyb.
Ijyb is heavily wounded.
Ijyb hits you with a +0 dagger.
You closely miss Ijyb. You claw Ijyb, but do no damage. Your peck misses Ijyb.
Ijyb is heavily wounded.
Ijyb grins evilly.
Ijyb hits you with a +0 dagger. x2
You hit Ijyb but do no damage. You claw Ijyb, but do no damage.
Ijyb is heavily wounded.
Ijyb screams, "You nasty!
Big nasty!"
Ijyb zaps a wand.
Your mind is blasted!
You die...

### #. ... #.# #.
... #.#########...
#.# #...........#
#.# .......####.##
#.# #.####.####..#
#.# #.#
#..>.##.###.#####.#
#.#
####...............
#.#
####.###@.####.#
#.# #.# ##g# #.#
#.# r# ..# #.# g?
..# ######.. ...
..# ###...>... ####
..###...#####.
..........#####.
................###


You could see Ijyb, a goblin and a rat.

Vanquished Creatures
  A phantom (D:2)
  Natasha (thrice) (D:2)
  4 adders (D:2)
  A worm (D:2)
  2 dart slugs (D:1)
  4 endoplasms
  3 giant cockroaches (D:2)
  5 hobgoblins (D:1)
  6 kobolds
  A quokka (D:2)
  4 ball pythons
  8 bats
  3 frilled lizards
  6 goblins
  9 rats
60 creatures vanquished.

Vanquished Creatures (others)
  A plant (D:1)
  A withered plant (D:1)
2 creatures vanquished.

Grand Total: 62 creatures vanquished

Notes
Turn   | Place    | Note
-------+----------+-------------------------------------------
     0 | D:1      | qw the Tengu Warper began the quest for the Orb.
     0 | D:1      | Reached XP level 1. HP: 12/12 MP: 4/4
     0 | D:1      | 0 ||| qw: Version: 0.1-a-89-g26bdef1
     0 | D:1      | 0 ||| qw: Game counter: 2517
     0 | D:1      | 0 ||| qw: Always use a shield: true
     0 | D:1      | 0 ||| qw: God list: Okawaru
     0 | D:1      | 0 ||| qw: Allow faded altars: false
     0 | D:1      | 0 ||| qw: Do Orc after D:15 true
     0 | D:1      | 0 ||| qw: Do second Lair branch before Depths: true
     0 | D:1      | 0 ||| qw: Lair rune preference: random
     0 | D:1      | 0 ||| qw: Plans: Normal
     0 | D:1      | 0 ||| PLANNING D:1-11
    88 | D:1      | Found a faded altar of an unknown god.
   129 | D:1      | 129 ||| Stepping ~*~*~tactically~*~*~ (stealth).
   140 | D:1      | Reached skill level 3 in Axes
   140 | D:1      | Reached XP level 2. HP: 17/17 MP: 6/6
   537 | D:1      | 537 ||| Stepping ~*~*~tactically~*~*~ (hiding).
   547 | D:1      | HP: 4/17 [rat (3)]
   816 | D:1      | Reached XP level 3. HP: 21/21 MP: 7/7
   960 | D:1      | 960 ||| DROPPING +0 club.
  1326 | D:1      | Reached skill level 4 in Axes
  1448 | D:1      | 1448 ||| DROPPING orb of wrath.
  1449 | D:1      | 1449 ||| UPGRADING to +0 scale mail.
  1459 | D:1      | 1459 ||| DROPPING +0 leather armour.
  1460 | D:1      | 1460 ||| READING scroll labelled BUIKKU EMEDD.
  1465 | D:1      | 1465 ||| READING scroll labelled SUTOCA SOODEA.
  1466 | D:1      | 1466 ||| READING scroll labelled YHOLYA NIEL.
  1467 | D:1      | 1467 ||| READING 2 scrolls labelled DARGHI RUEXZUUM.
  1468 | D:1      | 1468 ||| DROPPING scroll of blinking.
  1469 | D:1      | 1469 ||| DROPPING scroll of immolation.
  1510 | D:2      | Noticed Natasha
  1511 | D:2      | 1511 ||| SWAPPING to +0 war axe.
  1518 | D:2      | Killed Natasha
  1519 | D:2      | Reached XP level 4. HP: 23/26 MP: 8/8
  1551 | D:2      | 1551 ||| DROPPING +0 hand axe.
  1588 | D:2      | Noticed Natasha
  1593 | D:2      | HP: 4/26 [Natasha (3)]
  1599 | D:2      | Killed Natasha
  1600 | D:2      | Reached skill level 5 in Axes
  1609 | D:2      | Noticed Natasha
  1610 | D:2      | 1610 ||| FLEEEEING.
  1613 | D:2      | 1613 ||| FLEEEEING.
  1614 | D:2      | 1614 ||| FLEEEEING.
  1615 | D:2      | 1615 ||| FLEEEEING.
  1616 | D:2      | 1616 ||| FLEEEEING.
  1617 | D:2      | 1617 ||| FLEEEEING.
  1618 | D:2      | 1618 ||| FLEEEEING.
  1619 | D:2      | 1619 ||| FLEEEEING.
  1620 | D:2      | 1620 ||| FLEEEEING.
  1621 | D:2      | 1621 ||| FLEEEEING.
  1621 | D:2      | HP: 3/26 [Natasha/magic dart (2)]
  1622 | D:2      | 1622 ||| FLEEEEING.
  1623 | D:2      | 1623 ||| FLEEEEING.
  1624 | D:2      | 1624 ||| FLEEEEING.
  1625 | D:2      | 1625 ||| STAIRDANCE
  1904 | D:2      | Killed Natasha
  2009 | D:2      | 2009 ||| Stepping ~*~*~tactically~*~*~ (stealth).
  2010 | D:2      | 2010 ||| Stepping ~*~*~tactically~*~*~ (stealth).
  2011 | D:2      | 2011 ||| Stepping ~*~*~tactically~*~*~ (stealth).
  2014 | D:2      | Gained mutation: Your magical nature lets you fly swiftly
                  | and evasively. [Tengu growth]
  2014 | D:2      | Reached XP level 5. HP: 29/30 MP: 9/9
  2027 | D:2      | 2027 ||| DROPPING +0 whip.
  2059 | D:2      | Found Lumn's Vocational Training.
  2113 | D:2      | 2113 ||| Stepping ~*~*~tactically~*~*~ (stealth).
  2174 | D:2      | Reached skill level 6 in Axes
  2319 | D:2      | Noticed a phantom
  2338 | D:2      | Killed a phantom
  2339 | D:2      | Reached XP level 6. HP: 30/35 MP: 10/10
  2480 | D:2      | 2480 ||| READING 2 scrolls labelled YHEICV QOIGYD.
  2481 | D:2      | 2481 ||| DRINKING 2 bubbling dark potions.
  2482 | D:2      | 2482 ||| DROPPING scroll of vulnerability.
  2589 | D:3      | Found a runed translucent door.
  2590 | D:3      | Noticed Crazy Yiuf
  2629 | D:3      | Noticed Ijyb
  2631 | D:3      | 2631 ||| Stepping ~*~*~tactically~*~*~ (hiding).
  2642 | D:3      | HP: 6/35 [Ijyb/+0 dagger (3)]
  2643 | D:3      | HP: 2/35 [Ijyb/+0 dagger (2)]
  2644 | D:3      | Blown up by Ijyb

Levels and vault maps discovered:
D:1:      saegor_arrival_simple_e, layout_basic, shapermc_ecumenical_altar_gd,
          minmay_small_reverse_x
D:2:      layout_rooms, nicolae_shop_vocational, uniq_natasha
D:3:      layout_rooms, uniq_ijyb, uniq_crazy_yiuf_cottage

Skill      XL: |  1  2  3  4  5 |
---------------+----------------+-----
Axes           | 3 4 5 6 |  6.8
Fighting       | |  2.0
Throwing       | |  1.0
Armour         | |  1.1
Dodging        | |  2.1
Spellcasting   | |  2.0
Translocations | |  2.4

Action                   |  1- 3 |  4- 6 || total
-------------------------+-------+-------++-------
Melee: Hand axe          |    36 |       ||    36
       Kick              |    10 |    19 ||    29
       War axe           |     5 |    63 ||    68
       Peck              |     1 |    11 ||    12
Throw: Boomerang         |     7 |       ||     7
       Javelin           |    14 |    19 ||    33
  Use: Scroll            |     4 |     1 ||     5
       Potion            |       |     1 ||     1
 Stab: Sleeping          |     1 |       ||     1
Armor: Leather armour    |     9 |       ||     9
       Scale mail        |       |    23 ||    23
Dodge: Dodged            |    24 |    32 ||    56

Table legend:
 A = Non-vault XP
 B = Vault XP
 C = Vault XP percentage of total XP
 D = Non-vault monster count
 E = Vault monster count
 F = Vault count percentage of total count
                 A         B        C        D         E       F
            +---------+---------+-------+---------+---------+-------
      Total |     310 |      44 |  12.4 |      55 |       5 |   8.3
            +---------+---------+-------+---------+---------+-------
        D:1 |      42 |       7 |  14.3 |      28 |       4 |  12.5
        D:2 |     265 |      37 |  12.3 |      24 |       1 |   4.0
        D:3 |       3 |       0 |   0.0 |       3 |       0 |   0.0
            +---------+---------+-------+---------+---------+-------
